 Dungeon Crawl Stone Soup version 0.26.0-18-gc5c842f807 (webtiles) character file.

Game seed: 2603683334043952409

1222 thiole the Sneak (level 8, -6/69 HPs)
             Began as an Octopode Hedge Wizard on Jan 22, 2021.
             Was a Priest of Elyvilon.
             Mangled by Harold
             ... wielding a +0 glaive
              (15 damage)
             ... on level 7 of the Dungeon.
             The game lasted 00:21:16 (6380 turns).

thiole the Sneak (Octopode Hedge Wizard)            Turns: 6380, Time: 00:21:17

Health: -6/69      AC: 24    Str: 15    XL:     8   Next: 47%
Magic:  15/15      EV:  2    Int: 18    God:    Elyvilon [***...]
Gold:   315        SH: 11    Dex: 11    Spells: 8/16 levels left

rFire    . . .     SeeInvis .   n - +7 hand axe of Uskayaw's Whim {freeze, Str+5}
rCold    . . .     Faith    .   u - +2 kite shield
rNeg     + + +     Spirit   .   (helmet currently unavailable)
rPois    +         Reflect  .   (no amulet)
rElec    .         Harm     .   g - ring of willpower
rCorr    .         Rampage  .   f - +4 ring of evasion
Will     +....     NoTele   +   w - ring of stealth
Stlth    ++++......             (no ring)
HPRegen  0.21/turn              (no ring)
MPRegen  0.14/turn              (no ring)
                                (no ring)
                                (no ring)

@: mighty, brilliant, tree-form, hasted, very quick
A: almost no armour, stealthy swim, (amphibious), 8 rings, (constrict 8)
a: Renounce Religion, Lesser Healing, Heal Other, Purification, Divine
Protection


You were on level 7 of the Dungeon.
You worshipped Elyvilon.
Elyvilon was most pleased with you.
You were a tree.
You visited 1 branch of the dungeon, and saw 7 of its levels.
You also visited: Sewer.

You collected 315 gold pieces.

Inventory:

Hand Weapons
 a - a +0 dagger
 n - the +7 hand axe of Uskayaw's Whim (weapon) {freeze, Str+5}
   (You found it on level 4 of the Dungeon)

   It has been specially enchanted to freeze those struck by it, causing extra
   injury to most foes and up to half again as much damage against particularly
   susceptible opponents.
   It can also slow down cold-blooded creatures.
   It affects your strength (+5).
Armour
 b - a +0 hat (melded)
 u - a +2 kite shield (worn)
Jewellery
 d - an uncursed amulet of regeneration
 f - a +4 ring of evasion (right branch)
 g - a ring of willpower (left branch)
 w - a ring of stealth (on tentacle)
 E - an uncursed amulet of inaccuracy
 G - an uncursed amulet of guardian spirit {unknown}
 K - a cursed ring of attention {unknown}
Wands
 l - a wand of polymorph (6)
 y - a wand of digging (11)
 A - a wand of random effects (10)
Scrolls
 c - 2 scrolls of random uselessness {unknown}
 e - a scroll of remove curse
 h - 2 scrolls of noise {unknown}
 j - a scroll of immolation {unknown}
 m - a scroll of enchant armour {unknown}
 o - 2 scrolls of blinking {unknown}
 s - a scroll of magic mapping
 t - a scroll of enchant weapon {unknown}
 v - a scroll of amnesia {unknown}
 C - a scroll of identify
 D - 5 scrolls of teleportation {unknown}
 I - a scroll of brand weapon {unknown}
 J - a scroll of fog {unknown}
 L - a scroll of silence {unknown}
Potions
 i - a potion of lignification
 k - 2 potions of haste
 p - a potion of brilliance
 r - 2 potions of attraction {unknown}
 x - a potion of berserk rage {unknown}
 z - a potion of flight {unknown}
 B - 2 potions of magic {unknown}
 F - a potion of mutation {unknown}
 H - 2 potions of might


   Skills:
 - Level 2.0 Dodging
 + Level 6.6 Stealth
 * Level 4.7 Shields
 + Level 4.8 Spellcasting
 - Level 2.0 Conjurations
 - Level 2.0 Hexes
 - Level 2.0 Summonings
 - Level 1.0 Translocations
 * Level 4.6 Air Magic


You had 8 spell levels left.
You knew the following spells:

 Your Spells              Type           Power        Failure   Level
a - Magic Dart            Conj           68%          22%         1
b - Call Imp              Summ           17%          32%         2
c - Slow                  Hex            17%          32%         2
d - Mephitic Cloud        Conj/Pois/Air  18%          52%         3

Your spell library contained the following spells:

 Spells                   Type           Power        Failure   Level
 Corona                   Hex            18%          22%         1
 Summon Small Mammal      Summ           68%          22%         1
 Apportation              Tloc           24%          32%         1
 Searing Ray              Conj           34%          32%         2
 Animate Skeleton         Necr           12%          45%         1
 Blink                    Tloc           N/A          45%         2
 Dazzling Flash           Conj/Hex       34%          54%         3
 Conjure Flame            Conj/Fire      11%          69%         3
 Fulminant Prism          Conj/Hex       8%           91%         4
 Iskenderun's Mystic Bla  Conj/Tloc      14%          95%         4


Dungeon Overview and Level Annotations

Branches:
Dungeon (7/15)              Sewer (visited)
 Temple: D:4-7

Altars:
Dithmenos
Elyvilon
Fedhas
Kikubaaqudgha
Okawaru
Sif Muna
Yredelemnul
Zin

Annotations:
D:2 Robin
D:7 Harold


Innate Abilities, Weirdness & Mutations

You cannot wear most types of armour.
You are very stealthy in the water. (Stealth+)
((You are amphibious.))
You can wear up to eight rings at the same time.
((You can use your tentacles to constrict eight enemies at once.))
((Your skin changes colour to match your surroundings (Stealth+).))
((Your rubbery body absorbs attacks. (AC +1, EV +1)))


Message History

You feel very mighty all of a sudden.
You barely miss Harold.
Harold is lightly wounded.
Harold hits you with a +0 glaive!
* * * LOW HITPOINT WARNING * * *
You feel better.
You feel better. You block Harold's attack.
You barely miss Harold.
Harold is lightly wounded.
You block Harold's attack.
You slash Harold! You freeze Harold.
Harold is moderately wounded.
You slash Harold! You freeze Harold.
Harold is heavily wounded.
Harold hits you with a +0 glaive!!
* * * LOW HITPOINT WARNING * * *
It was a potion of brilliance.
You feel clever all of a sudden. Harold hits you with a +0 glaive!
You die...

#.....# o
#.#'### #
#.#<#
####.#.###
#....#.#..
#....#.#.#
#....#.#.#
#....###@#
#......♣.#
#........#
#...)....#
##(()....#
#.).....#
#.......#
.........#
####+#####


You could see Harold.

Vanquished Creatures
  A water moccasin (D:5)
  Purgy (Sewer)
  An ice beast (D:5)
  A phantom (D:5)
  A sky beast (D:4)
  A centaur (D:5)
  2 scorpions
  A howler monkey (D:4)
  A centaur zombie (D:5)
  A hound (D:6)
  2 orc priests
  3 orc wizards
  Jessica (D:2)
  6 worker ants
  A howler monkey skeleton (D:6)
  8 adders
  An adder skeleton (D:4)
  3 worms
  A dart slug (D:1)
  4 leopard geckos
  10 orcs
  3 giant cockroaches
  3 hobgoblins
  4 jackals (D:6)
  3 kobolds
  2 quokkas
  3 ball pythons
  6 bats
  8 frilled lizards
  4 goblins
  2 leopard gecko skeletons
  8 rats
97 creatures vanquished.

Vanquished Creatures (collateral kills)
  8 goblins (D:2)
  A hobgoblin (D:2)
9 creatures vanquished.

Vanquished Creatures (others)
  2 plants (D:3)
2 creatures vanquished.

Grand Total: 108 creatures vanquished

Notes
Turn   | Place    | Note
-------+----------+-------------------------------------------
     0 | D:1      | thiole the Octopode Hedge Wizard began the quest for the
                  | Orb.
     0 | D:1      | Reached XP level 1. HP: 11/11 MP: 4/4
   210 | D:1      | Reached XP level 2. HP: 17/17 MP: 4/6
   738 | D:1      | Reached skill level 3 in Stealth
  1175 | D:2      | Learned a level 2 spell: Call Imp
  1178 | D:2      | Learned a level 2 spell: Slow
  1239 | D:2      | Reached XP level 3. HP: 21/21 MP: 1/7
  1243 | D:2      | Learned a level 3 spell: Mephitic Cloud
  1612 | D:2      | Found a shadowy altar of Dithmenos.
  1871 | D:2      | Noticed Jessica
  1878 | D:2      | Killed Jessica
  1879 | D:2      | Reached skill level 4 in Stealth
  1879 | D:2      | Reached XP level 4. HP: 27/27 MP: 1/9
  1957 | D:2      | Noticed Robin
  1970 | D:2      | HP: 1/27 [goblin/+0 dagger[Robin] (7)]
  2457 | D:3      | Found a white marble altar of Elyvilon.
  2495 | D:3      | Became a worshipper of Elyvilon the Healer
  3163 | D:4      | Got a crude hand axe
  3184 | D:4      | Reached XP level 5. HP: 12/31 MP: 10/10
  3228 | D:4      | Identified the +7 hand axe of Uskayaw's Whim {freeze,
                  | Str+5} (You found it on level 4 of the Dungeon)
  3269 | D:4      | Reached * piety under Elyvilon
  3277 | D:4      | Noticed a sky beast
  3292 | D:4      | Noticed a necrophage
  3360 | D:4      | Killed a sky beast
  3361 | D:4      | Reached skill level 1 in Shields
  3361 | D:4      | Reached skill level 1 in Air Magic
  3365 | D:4      | Reached skill level 1 in Hexes
  3365 | D:4      | Reached XP level 6. HP: 36/36 MP: 11/11
  3474 | D:4      | Reached skill level 5 in Stealth
  3487 | D:4      | Found an iron altar of Okawaru.
  3578 | D:4      | Found a shimmering blue altar of Sif Muna.
  3588 | D:4      | Found a glowing silver altar of Zin.
  3591 | D:4      | Found an ancient bone altar of Kikubaaqudgha.
  3602 | D:4      | Found a basalt altar of Yredelemnul.
  3615 | D:4      | Reached ** piety under Elyvilon
  3865 | D:4      | Found a blossoming altar of Fedhas.
  3959 | D:5      | Entered Level 5 of the Dungeon
  4226 | D:5      | Reached XP level 7. HP: 41/41 MP: 13/13
  4699 | D:5      | Reached *** piety under Elyvilon
  4716 | D:5      | Reached skill level 6 in Stealth
  4785 | D:5      | Reached XP level 8. HP: 46/46 MP: 14/14
  5175 | D:6      | Found a glowing drain.
  5196 | Sewer    | Entered a sewer
  5245 | Sewer    | Noticed Purgy
  5273 | Sewer    | Killed Purgy
  6283 | D:7      | Noticed Harold
  6380 | D:7      | Mangled by Harold

Illustrated notes

Levels and vault maps discovered:
D:1:      nicolae_arrival_washed_ashore, layout_basic
D:2:      layout_basic, nicolae_dithmenos_through_a_glass_darkly, uniq_robin,
          uniq_jessica
D:3:      layout_loops_ring, serial_bayou_pond_a, elyvilon_altar_1
D:4:      layout_basic, fedhas_altar_fruit_tree,
          grunt_temple_overflow_cloverleaf, serial_glass, glass_columns_c,
          glass_columns_a, glass_columns_b, glass_columns_a, glass_columns_a,
          glass_columns_b, glass_columns_a, glass_columns_b, okawaru_gym_becter
D:5:      layout_basic
D:6:      layout_loops_cross, cheibrodos_sewer_entry_bend
D:7:      layout_basic, temple_hall, serial_shops, shop,
          minmay_misc_feat_square, nicolae_ru_sacrificial_ziggurat, uniq_pikel,
          uniq_harold, uniq_joseph

Skill      XL: |  1  2  3  4  5  6  7  8 |
---------------+-------------------------+-----
Stealth        | 3 4 5 6 |  6.6
Summonings     | 2 |  2.0
Conjurations   | 2 |  2.0
Shields        | 1 2 3 4 |  4.7
Air Magic      | 1 2 3 4 |  4.6
Hexes          | 1 2 |  2.0
Spellcasting   | 4 |  4.8
Dodging        | |  2.0
Translocations | |  1.0

Action                   |  1- 3 |  4- 6 |  7- 9 || total
-------------------------+-------+-------+-------++-------
Melee: Dagger            |    24 |    30 |       ||    54
       Tentacles         |     6 |    13 |    12 ||    31
       Constrict         |     6 |    16 |    15 ||    37
       Hand axe          |       |    37 |    79 ||   116
 Cast: Magic Dart        |    65 |    40 |    56 ||   161
       Call Imp          |       |     2 |       ||     2
Evoke: Wand              |       |       |     1 ||     1
  Use: Scroll            |       |     6 |     2 ||     8
       Potion            |       |       |     7 ||     7
 Stab: Sleeping          |     1 |     2 |     6 ||     9
Armor: Skin              |       |     2 |     3 ||     5
Dodge: Dodged            |    12 |    34 |    33 ||    79
Block: Kite shield       |       |    25 |    50 ||    75
